 Dungeon Crawl Stone Soup version 0.29.1 (webtiles) character file.

Game seed: 4564222761316214962

2581 qw the Cleaver (level 9, -6/118 HPs)
             Began as a Minotaur Berserker on Sept 13, 2022.
             Was a Priest of Trog.
             Killed from afar by an electric eel (14 damage)
             ... with a bolt of electricity
             ... on level 6 of the Dungeon.
             The game lasted 00:02:22 (7665 turns).

qw the Cleaver (Minotaur Berserker)                 Turns: 7665, Time: 00:02:22

Health: -6/118     AC: 11    Str: 26    XL:     9   Next: 32%
Magic:  8/8        EV: 10    Int:  4    God:    Trog [***...]
Gold:   89         SH:  4    Dex: 10    Spells: 8/8 levels left

rFire   + . .      SeeInvis +   Y - +2 war axe (vorpal)
rCold   . . .      Faith    .   n - +0 buckler
rNeg    . . .      Spirit   .   g - +2 scale mail {rF+}
rPois   .          Reflect  .   (helmet restricted)
rElec   .          Harm     .   (no cloak)
rCorr   .          Rampage  .   (no gloves)
Will    .....                   f - +1 pair of boots
Stlth   ..........              (no amulet)
HPRegen 0.29/turn               l - ring of see invisible
MPRegen 0.11/turn               (no ring)

@: berserking, very quick
A: horns 2, retaliatory headbutt
a: Renounce Religion, Berserk, Trog's Hand


You were on level 6 of the Dungeon.
You worshipped Trog.
Trog was most pleased with you.
You visited 1 branch of the dungeon, and saw 6 of its levels.
You also visited: Sewer.

You collected 285 gold pieces.
You spent 196 gold pieces at shops.


Innate Abilities, Weirdness & Mutations

You have a pair of horns on your head.
You reflexively headbutt those who attack you in melee.


   Skills:
 - Level 7.2 Fighting
 - Level 13.0 Axes
 - Level 1.1 Throwing
 - Level 3.6 Armour
 + Level 2.1 Dodging
 - Level 4.5 Shields


You had 8 spell levels left.
You didn't know any spells.
Your spell library was empty.

Inventory:

Hand Weapons
 i - a +4 morningstar of holy wrath
 Y - a +2 vorpal war axe (weapon)
Armour
 a - a +0 chain mail
 f - a +1 pair of boots (worn)
 g - a +2 scale mail of fire resistance (worn)
 k - the +7 tower shield "Neucvor" {rPois Str+2}
   (You found it on level 6 of the Dungeon)

   Str:       It affects your strength (+2).
   rPois:     It protects you from poison.
 n - a +0 buckler (worn)
Jewellery
 e - a ring of see invisible
 l - a ring of see invisible (left hand)
Scrolls
 b - a scroll of identify
 d - 2 scrolls of teleportation
Potions
 c - 5 potions of curing
 j - a potion of might
 m - 2 potions of haste
 o - 2 potions of heal wounds
 r - a potion of mutation

Dungeon Overview and Level Annotations

Branches:
Dungeon (6/15)             Temple (0/1) D:5           Sewer (visited)

Altars:

Shops:
D:6 (

Annotations:
D:5 2 transporters, qw's ghost, weakling GrDe


Message History

The electric eel shoots out a bolt of lightning at you!
The bolt of electricity hits you!
The electric eel shoots out a bolt of lightning at you!
The bolt of electricity hits you!
7571 ||| FLEEEEING.
You enter the shallow water.
Moving in this stuff is going to be slow.
You enter the shallow water.
Moving in this stuff is going to be slow.
You start resting.
HP restored.
You enter the shallow water.
Moving in this stuff is going to be slow.
The electric eel shoots out a bolt of lightning at you!
The bolt of electricity hits you! x2
There is an open door here.
The electric eel shoots out a bolt of lightning at you!
The bolt of electricity hits you.
The electric eel shoots out a bolt of lightning at you!
The bolt of electricity hits you. The bolt of electricity hits you!
The electric eel shoots out a bolt of lightning at you!
The bolt of electricity hits the electric eel.
The electric eel completely resists.
The bolt of electricity misses you. The bolt of electricity hits you.
7664 ||| INVOKING Berserk.
A red film seems to cover your vision as you go berserk!
You feel yourself moving faster!
You feel mighty!
The electric eel shoots out a bolt of lightning at you!
The bolt of electricity hits you!
The electric eel shoots out a bolt of lightning at you!
The bolt of electricity hits you. x2
The electric eel shoots out a bolt of lightning at you!
The bolt of electricity hits the electric eel.
The electric eel completely resists.
The bolt of electricity hits you. x2
You feel a strong urge to attack something.
The electric eel shoots out a bolt of lightning at you!
The bolt of electricity hits you.
The electric eel shoots out a bolt of lightning at you!
The bolt of electricity hits you!
You die...

##....##.............#).##
#......#.............#...#
##..##########.......#...## ###
##.##~~~~....##.##.....##.# ..#
##.##.########.##........... ..#
#..#.##S=$P..##~#...........
..####..#.#~~~~P...#~#####.......
...##.))#)#~.......#~#.##.......#
.....)..#.#~~~SS@.'#.#..........#
......###~##~$.P..#..#.##.......#
......##~##########~##..........#
......#~##~.$~. #~~#..##...<..##
#.....#~#~~~P.. #~##.###.......#
#.....#.#S$.... #.#............#
#.....#.#S~$~.. #.#.............
#.#...#'##~~(P. ..#.............
..####...########.##......##.....


You could see 3 electric eels.

Vanquished Creatures
  A water moccasin (D:6)
  A black bear (D:5)
  An orc warrior (D:6)
  3 ice beasts
  An ogre (D:4)
  A centaur (D:6)
  A phantom (D:5)
  3 kobold brigands (D:6)
  A necrophage (D:6)
  5 scorpions
  A howler monkey (D:6)
  6 orc priests
  4 hounds
  3 jellies
  2 gnoll boudas
  Terence (D:2)
  8 iguanas
  Natasha (thrice) (D:2)
  4 orc wizards (D:6)
  A hell rat (Sewer)
  9 adders
  7 gnolls
  3 river rats (Sewer)
  A white imp (D:6)
  2 ufetubi
  2 worms
  22 orcs
  3 endoplasms
  3 giant cockroaches
  7 goblins
  7 hobgoblins
  6 jackals
  A quokka (D:4)
  4 ball pythons
  5 bats
  A frilled lizard (D:3)
  12 kobolds
  9 rats
155 creatures vanquished.

Vanquished Creatures (others)
  2 plants (D:6)
2 creatures vanquished.

Grand Total: 157 creatures vanquished

Notes
Turn   | Place    | Note
-------+----------+-------------------------------------------
     0 | D:1      | qw the Minotaur Berserker began the quest for the Orb.
     0 | D:1      | Reached XP level 1. HP: 19/19 MP: 0/0
     0 | D:1      | 0 ||| qw: Version: 0.1-a-119-g272c26d
     0 | D:1      | 0 ||| qw: Game counter: 11173
     0 | D:1      | 0 ||| qw: Always use a shield: true
     0 | D:1      | 0 ||| qw: Do Orc after D:15 true
     0 | D:1      | 0 ||| qw: Do second Lair branch before Depths: true
     0 | D:1      | 0 ||| qw: Lair rune preference: random
     0 | D:1      | 0 ||| qw: Plans: Normal
     0 | D:1      | 0 ||| PLANNING D:1-11
   313 | D:1      | Reached skill level 4 in Axes
   403 | D:1      | 403 ||| Stepping ~*~*~tactically~*~*~ (stealth).
   484 | D:1      | Reached XP level 2. HP: 26/26 MP: 1/1
   723 | D:1      | 723 ||| Stepping ~*~*~tactically~*~*~ (stealth).
  1094 | D:1      | 1094 ||| UPGRADING to +0 leather armour.
  1104 | D:1      | 1104 ||| DROPPING +0 animal skin.
  1105 | D:1      | 1105 ||| UPGRADING to +0 ring mail.
  1115 | D:1      | 1115 ||| DROPPING +0 leather armour.
  1116 | D:1      | 1116 ||| UPGRADING to ring of see invisible.
  1117 | D:1      | 1117 ||| READING scroll labelled QAAHYPLIVINO.
  1118 | D:1      | 1118 ||| READING scroll labelled LAKKU CEPUJI.
  1119 | D:1      | 1119 ||| READING scroll labelled GADILO EWKESYF.
  1120 | D:1      | 1120 ||| READING scroll labelled QOEMNA PAUNO.
  1121 | D:1      | 1121 ||| DRINKING 2 fizzy golden potions.
  1153 | D:2      | Noticed Terence
  1158 | D:2      | 1158 ||| INVOKING Berserk.
  1163 | D:2      | Killed Terence
  1164 | D:2      | Reached skill level 5 in Axes
  1164 | D:2      | Reached XP level 3. HP: 31/31 MP: 2/2
  1329 | D:2      | Noticed Natasha
  1330 | D:2      | 1330 ||| Stepping ~*~*~tactically~*~*~ (hiding).
  1331 | D:2      | 1331 ||| Stepping ~*~*~tactically~*~*~ (hiding).
  1333 | D:2      | 1333 ||| INVOKING Berserk.
  1337 | D:2      | Killed Natasha
  1338 | D:2      | Reached XP level 4. HP: 39/39 MP: 3/3
  1463 | D:2      | Reached skill level 6 in Axes
  1570 | D:2      | Noticed Natasha
  1571 | D:2      | 1571 ||| Stepping ~*~*~tactically~*~*~ (stealth).
  1572 | D:2      | 1572 ||| Stepping ~*~*~tactically~*~*~ (stealth).
  1574 | D:2      | 1574 ||| Stepping ~*~*~tactically~*~*~ (stealth).
  1576 | D:2      | 1576 ||| Stepping ~*~*~tactically~*~*~ (stealth).
  1581 | D:2      | 1581 ||| INVOKING Berserk.
  1584 | D:2      | Killed Natasha
  1780 | D:2      | Noticed Natasha
  1784 | D:2      | 1784 ||| INVOKING Berserk.
  1787 | D:2      | Killed Natasha
  2381 | D:2      | 2381 ||| UPGRADING to +0 chain mail.
  2391 | D:2      | 2391 ||| DROPPING +0 ring mail.
  2392 | D:2      | 2392 ||| READING 2 scrolls labelled TILEOZ FAKUPRE.
  2397 | D:2      | 2397 ||| READING 3 scrolls labelled BIAZOKL JUOPN.
  2398 | D:2      | 2398 ||| READING scroll labelled OPLIM LEKUR.
  2399 | D:2      | 2399 ||| DROPPING 2 scrolls of fear.
  2563 | D:3      | 2563 ||| DROPPING +0 club.
  2637 | D:3      | 2637 ||| INVOKING Berserk.
  2639 | D:3      | Reached skill level 7 in Axes
  2639 | D:3      | Reached XP level 5. HP: 45/45 MP: 4/4
  2893 | D:3      | 2893 ||| Stepping ~*~*~tactically~*~*~ (stealth).
  3209 | D:3      | Found a faded altar of an unknown god.
  3543 | D:3      | 3543 ||| UPGRADING to +1 pair of boots.
  3548 | D:3      | 3548 ||| UPGRADING to +2 scale mail of fire resistance.
  3558 | D:3      | 3558 ||| DRINKING 2 smoky coppery potions.
  3559 | D:3      | 3559 ||| DRINKING 2 sedimented black potions.
  3560 | D:3      | 3560 ||| READING 2 scrolls of identify.
  3560 | D:3      | 3560 ||| IDENTIFYING emerald potion
  3561 | D:3      | 3561 ||| DROPPING potion of ambrosia.
  3562 | D:3      | 3562 ||| DROPPING potion of magic.
  3563 | D:3      | 3563 ||| DROPPING potion of brilliance.
  3587 | D:4      | 3587 ||| PLANNING SEWER
  3698 | D:4      | Noticed an ogre
  3702 | D:4      | 3702 ||| INVOKING Berserk.
  3704 | D:4      | Killed an ogre
  3705 | D:4      | Reached skill level 8 in Axes
  3705 | D:4      | Reached XP level 6. HP: 49/52 MP: 5/5
  3712 | D:4      | 3712 ||| Stepping ~*~*~tactically~*~*~ (stealth).
  3836 | D:4      | Found a glowing drain.
  3837 | D:4      | 3837 ||| DROPPING orb of mayhem.
  3839 | D:4      | 3839 ||| READING 4 scrolls of identify.
  3839 | D:4      | 3839 ||| IDENTIFYING purple potion
  3840 | D:4      | 3840 ||| READING 3 scrolls of identify.
  3840 | D:4      | 3840 ||| IDENTIFYING bubbling golden potion
  3841 | D:4      | 3841 ||| DROPPING potion of flight.
  3845 | D:4      | 3845 ||| FLEEEEING.
  3859 | D:4      | Reached ** piety under Trog
  3869 | Sewer    | Entered a sewer
  3896 | Sewer    | 3896 ||| Stepping ~*~*~tactically~*~*~ (water).
  3924 | Sewer    | 3924 ||| Stepping ~*~*~tactically~*~*~ (stealth).
  3944 | Sewer    | 3944 ||| INVOKING Berserk.
  3963 | Sewer    | 3963 ||| Stepping ~*~*~tactically~*~*~ (stealth).
  3964 | Sewer    | 3964 ||| Stepping ~*~*~tactically~*~*~ (stealth).
  4145 | Sewer    | 4145 ||| READING scroll labelled DIOSUD FUOV.
  4287 | Sewer    | 4287 ||| READING 2 scrolls of identify.
  4287 | Sewer    | 4287 ||| IDENTIFYING red potion
  4295 | D:4      | 4295 ||| PLANNING D:1-11
  4456 | D:4      | 4456 ||| Stepping ~*~*~tactically~*~*~ (stealth).
  4669 | D:4      | 4669 ||| UPGRADING to +0 buckler.
  4674 | D:4      | 4674 ||| READING scroll labelled JUSAOBLA BUTENO.
  4675 | D:4      | 4675 ||| READING scroll of teleportation.
  4701 | D:5      | Entered Level 5 of the Dungeon
  4701 | D:5      | Noticed qw's ghost (weakling GrDe)
  4701 | D:5      | Found a transporter.
  4701 | D:5      | Found a transporter.
  4713 | D:5      | 4713 ||| Stepping ~*~*~tactically~*~*~ (stealth).
  4716 | D:5      | 4716 ||| Stepping ~*~*~tactically~*~*~ (stealth).
  4718 | D:5      | 4718 ||| Stepping ~*~*~tactically~*~*~ (stealth).
  4723 | D:5      | 4723 ||| Stepping ~*~*~tactically~*~*~ (stealth).
  4727 | D:5      | 4727 ||| Stepping ~*~*~tactically~*~*~ (stealth).
  4734 | D:5      | Noticed an ice beast
  4738 | D:5      | Reached skill level 1 in Shields
  4740 | D:5      | 4740 ||| INVOKING Berserk.
  4745 | D:5      | Killed an ice beast
  4746 | D:5      | Reached skill level 3 in Shields
  4909 | D:5      | Noticed an ice beast
  4913 | D:5      | 4913 ||| INVOKING Berserk.
  4918 | D:5      | Killed an ice beast
  4919 | D:5      | Reached skill level 9 in Axes
  4919 | D:5      | Reached XP level 7. HP: 59/59 MP: 6/6
  5024 | D:5      | 5024 ||| INVOKING Berserk.
  5224 | D:5      | 5224 ||| SWAPPING to +2 vorpal war axe.
  5225 | D:5      | 5225 ||| DROPPING +0 hand axe.
  5343 | D:5      | 5343 ||| Stepping ~*~*~tactically~*~*~ (stealth).
  5350 | D:5      | 5350 ||| INVOKING Berserk.
  5354 | D:5      | Reached skill level 10 in Axes
  5355 | D:5      | Reached skill level 1 in Throwing
  5360 | D:5      | Reached XP level 8. HP: 69/69 MP: 7/7
  5460 | D:5      | Found a staircase to the Ecumenical Temple.
  5471 | D:5      | 5471 ||| DROPPING +0 mace.
  5492 | D:5      | Reached skill level 6 in Fighting
  5917 | D:5      | 5917 ||| READING scroll labelled HAPNOA KAUDAGH.
  5918 | D:5      | 5918 ||| READING 2 scrolls of identify.
  5918 | D:5      | 5918 ||| IDENTIFYING ruby potion
  5919 | D:5      | 5919 ||| DROPPING potion of attraction.
  5955 | D:6      | 5955 ||| STAIRDANCE
  6120 | D:6      | Found Weetikh's Antique Weapon Emporium.
  6121 | D:6      | 6121 ||| Stepping ~*~*~tactically~*~*~ (hiding).
  6122 | D:6      | 6122 ||| Stepping ~*~*~tactically~*~*~ (hiding).
  6127 | D:6      | Reached skill level 11 in Axes
  6128 | D:6      | 6128 ||| INVOKING Berserk.
  6136 | D:6      | Reached skill level 3 in Armour
  6213 | D:6      | 6213 ||| BUYING glowing morningstar (196 gold).
  6213 | D:6      | Bought a glowing morningstar for 196 gold pieces
  6213 | D:6      | 6213 ||| DROPPING +0 flail of protection.
  6273 | D:6      | 6273 ||| INVOKING Berserk.
  6282 | D:6      | Reached *** piety under Trog
  6287 | D:6      | Reached skill level 12 in Axes
  6289 | D:6      | Reached XP level 9. HP: 33/78 MP: 8/8
  6309 | D:6      | HP: 19/79 [poisoned by an adder]
  6705 | D:6      | 6705 ||| Stepping ~*~*~tactically~*~*~ (hiding).
  6708 | D:6      | 6708 ||| Stepping ~*~*~tactically~*~*~ (hiding).
  6758 | D:6      | 6758 ||| FLEEEEING.
  6759 | D:6      | 6759 ||| FLEEEEING.
  6760 | D:6      | 6760 ||| FLEEEEING.
  6761 | D:6      | 6761 ||| FLEEEEING.
  6762 | D:6      | 6762 ||| FLEEEEING.
  6763 | D:6      | 6763 ||| FLEEEEING.
  6764 | D:6      | 6764 ||| FLEEEEING.
  6765 | D:6      | 6765 ||| FLEEEEING.
  6766 | D:6      | 6766 ||| STAIRDANCE
  6825 | D:5      | 6825 ||| DROPPING orb of wrath.
  6826 | D:5      | 6826 ||| DRINKING 3 golden potions.
  6827 | D:5      | 6827 ||| READING 5 scrolls of identify.
  6827 | D:5      | 6827 ||| IDENTIFYING grey potion
  6828 | D:5      | 6828 ||| READING 4 scrolls of identify.
  6828 | D:5      | 6828 ||| IDENTIFYING green potion
  6829 | D:5      | 6829 ||| READING 3 scrolls of identify.
  6829 | D:5      | 6829 ||| IDENTIFYING pink potion
  6830 | D:5      | 6830 ||| READING 2 scrolls of identify.
  6830 | D:5      | 6830 ||| IDENTIFYING lumpy orange potion
  6831 | D:5      | 6831 ||| DROPPING potion of invisibility.
  6832 | D:5      | 6832 ||| DROPPING potion of berserk rage.
  6833 | D:5      | 6833 ||| DROPPING potion of degeneration.
  6836 | D:6      | 6836 ||| STAIRDANCE
  6859 | D:6      | 6859 ||| Stepping ~*~*~tactically~*~*~ (hiding).
  6860 | D:6      | 6860 ||| Stepping ~*~*~tactically~*~*~ (hiding).
  6902 | D:6      | Identified the +7 tower shield "Neucvor" {rPois Str+2}
  6919 | D:6      | 6919 ||| Stepping ~*~*~tactically~*~*~ (hiding).
  6921 | D:6      | 6921 ||| Stepping ~*~*~tactically~*~*~ (hiding).
  6923 | D:6      | 6923 ||| Stepping ~*~*~tactically~*~*~ (hiding).
  6924 | D:6      | 6924 ||| Stepping ~*~*~tactically~*~*~ (hiding).
  6927 | D:6      | 6927 ||| INVOKING Berserk.
  6943 | D:6      | 6943 ||| Stepping ~*~*~tactically~*~*~ (stealth).
  6956 | D:6      | 6956 ||| FLEEEEING.
  6960 | D:6      | 6960 ||| FLEEEEING.
  6961 | D:6      | 6961 ||| FLEEEEING.
  6962 | D:6      | 6962 ||| FLEEEEING.
  6966 | D:6      | 6966 ||| INVOKING Berserk.
  7071 | D:6      | 7071 ||| Stepping ~*~*~tactically~*~*~ (stealth).
  7074 | D:6      | 7074 ||| Stepping ~*~*~tactically~*~*~ (stealth).
  7254 | D:6      | Reached skill level 13 in Axes
  7280 | D:6      | 7280 ||| FLEEEEING.
  7281 | D:6      | 7281 ||| FLEEEEING.
  7414 | D:6      | 7414 ||| Stepping ~*~*~tactically~*~*~ (stealth).
  7442 | D:6      | 7442 ||| FLEEEEING.
  7514 | D:6      | 7514 ||| FLEEEEING.
  7571 | D:6      | 7571 ||| FLEEEEING.
  7664 | D:6      | 7664 ||| INVOKING Berserk.
  7664 | D:6      | HP: 26/118 [electric eel/bolt of electricity (10)]
  7664 | D:6      | HP: 10/118 [electric eel/bolt of electricity (3)]
  7665 | D:6      | Killed from afar by an electric eel

Levels and vault maps discovered:
D:1:      amcnicky_arrival_abandoned_market, layout_loops_corners,
          minmay_distorted
D:2:      layout_basic, uniq_terence, uniq_natasha
D:3:      layout_basic, shapermc_ecumenical_altar_ellora, st_stairs_9,
          hangedman_glass_teeth
D:4:      layout_cave_pools, cheibrodos_sewer_entry_sluice,
          kennysheep_generic_room_2
D:5:      layout_cave_pods, minmay_temple_entry_tees, gammafunk_ghost_arena
D:6:      cheibrodos_two_vegetables, layout_cave_pools, serial_shops, shop,
          kennysheep_flooded_box, grunt_potential

Skill      XL: |  1  2  3  4  5  6  7  8  9 |
---------------+----------------------------+-----
Axes           | 4 5 7 8 9 10 12 13 | 13.0
Fighting       | 4 5 6 7 |  7.2
Shields        | 3 4 |  4.5
Throwing       | 1 |  1.1
Armour         | 3 |  3.6
Dodging        | |  2.1

Action                   |  1- 3 |  4- 6 |  7- 9 || total
-------------------------+-------+-------+-------++-------
Melee: Hand axe          |    45 |   137 |    10 ||   192
       Headbutt          |     4 |    23 |    26 ||    53
       Punch             |     1 |     2 |       ||     3
       War axe           |       |       |   113 ||   113
Throw: Boomerang         |       |    38 |    36 ||    74
Invok: Berserk           |     2 |     7 |     7 ||    16
  Use: Scroll            |     4 |    10 |     6 ||    20
       Potion            |     1 |     2 |     1 ||     4
Armor: Animal skin       |     9 |       |       ||     9
       Ring mail         |     2 |     3 |       ||     5
       Chain mail        |       |     4 |       ||     4
       Scale mail        |       |    21 |    61 ||    82
Dodge: Dodged            |    23 |    58 |    55 ||   136
Block: Buckler           |       |     1 |    22 ||    23

Table legend:
 A = Non-vault XP
 B = Vault XP
 C = Vault XP percentage of total XP
 D = Non-vault monster count
 E = Vault monster count
 F = Vault count percentage of total count
                 A         B        C        D         E       F
            +---------+---------+-------+---------+---------+-------
      Total |    2492 |    1196 |  32.4 |     117 |      38 |  24.5
            +---------+---------+-------+---------+---------+-------
        D:1 |      22 |       3 |  12.0 |      13 |       2 |  13.3
        D:2 |      91 |      71 |  43.8 |      10 |       2 |  16.7
        D:3 |      57 |       4 |   6.6 |      11 |       2 |  15.4
        D:4 |     181 |      14 |   7.2 |      17 |       6 |  26.1
        D:5 |    1258 |       0 |   0.0 |      33 |       0 |   0.0
        D:6 |     883 |    1027 |  53.8 |      33 |      19 |  36.5
      Sewer |       0 |      77 | 100.0 |       0 |       7 | 100.0
            +---------+---------+-------+---------+---------+-------
